[ PARTIDA AOE2 · #473366632 ]
Team RMPolacos vs Huns
[ ANÁLISIS DE REPETICIÓN · EXTRAÍDO DE LA PARTIDA GRABADA ]
Feudal
12:11
Castillos
16:39
Imperial
35:50
| APM promedio | 26.6 |
| APM pico | 67 |
| eAPM promedio | 16.9 |
| Aldeanos / militares | 137 / 189 |
Foco
⚔️ 20.9% · 🌾 79.1%
Scout Cavalry ×188 · Monk ×1
Feudal
11:46
Castillos
22:37
Imperial
36:41
| APM promedio | 32.1 |
| APM pico | 88 |
| eAPM promedio | 15.1 |
| Aldeanos / militares | 108 / 89 |
Foco
⚔️ 35.3% · 🌾 64.7%
Plumed Archer ×46 · Archer ×34 · Trebuchet (Packed) ×8 · Monk ×1
Feudal
11:25
Castillos
19:06
Imperial
26:26
| APM promedio | 27.7 |
| APM pico | 68 |
| eAPM promedio | 12.9 |
| Aldeanos / militares | 93 / 111 |
Foco
⚔️ 16.1% · 🌾 83.9%
Throwing Axeman ×105 · Trebuchet (Packed) ×4 · Monk ×2
Feudal
9:43
Castillos
21:48
Imperial
—
| APM promedio | 36.1 |
| APM pico | 100 |
| eAPM promedio | 21.5 |
| Aldeanos / militares | 129 / 99 |
Foco
⚔️ 35.3% · 🌾 64.7%
Skirmisher ×53 · Bolas Rider ×23 · Spearman ×15 · Unknown (2550) ×11 · Kona ×7 · Monk ×1
Feudal
11:21
Castillos
21:12
Imperial
35:19
| APM promedio | 29.5 |
| APM pico | 57 |
| eAPM promedio | 13.7 |
| Aldeanos / militares | 103 / 162 |
Foco
⚔️ 31.0% · 🌾 69.0%
Scout Cavalry ×69 · Conquistador ×66 · Spearman ×21 · Fishing Ship ×5 · Demolition Raft ×3 · Trebuchet (Packed) ×3
Feudal
11:47
Castillos
15:25
Imperial
32:50
| APM promedio | 48.3 |
| APM pico | 89 |
| eAPM promedio | 24.4 |
| Aldeanos / militares | 122 / 117 |
Foco
⚔️ 32.4% · 🌾 67.6%
Longbowman ×101 · Spearman ×9 · Trebuchet (Packed) ×7 · Fishing Ship ×6
Feudal
11:34
Castillos
16:49
Imperial
—
| APM promedio | 31.4 |
| APM pico | 79 |
| eAPM promedio | 16.6 |
| Aldeanos / militares | 121 / 0 |
Foco
⚔️ 28.1% · 🌾 71.9%
Unknown (1949) ×79 · Unknown (1944) ×2
Feudal
11:28
Castillos
19:35
Imperial
32:03
| APM promedio | 22.8 |
| APM pico | 51 |
| eAPM promedio | 13.3 |
| Aldeanos / militares | 107 / 73 |
Foco
⚔️ 25.9% · 🌾 74.1%
Cavalry Archer ×37 · Tarkan ×32 · Trade Cart ×12 · Fishing Ship ×9 · Knight ×3 · Monk ×1
Mapa de la partida
Recursos iniciales + cada clic de construcción. Líneas = muros · curvas = relieve. ◆ oro · ⬟ piedra · ● bayas · ✦ reliquia · ◌ hueco del cierre
Inputs por minuto
— Koab - - Vinago
Build order — Koab
Primeras 150 de 393 acciones detectadas
| 0:02 | Crear | Villager (Male) |
| 0:02 | Crear | Villager (Male) |
| 0:03 | Construir | House |
| 0:04 | Construir | House |
| 0:43 | Crear | Villager (Male) |
| 0:44 | Crear | Villager (Male) |
| 0:44 | Crear | Villager (Male) |
| 1:41 | Crear | Villager (Male) |
| 1:41 | Crear | Villager (Male) |
| 2:10 | Crear | Villager (Male) |
| 2:10 | Crear | Villager (Male) |
| 3:08 | Crear | Villager (Male) |
| 3:08 | Crear | Villager (Male) |
| 3:09 | Crear | Villager (Male) |
| 3:59 | Construir | House |
| 4:25 | Crear | Villager (Male) |
| 4:25 | Crear | Villager (Male) |
| 4:25 | Crear | Villager (Male) |
| 4:25 | Crear | Villager (Male) |
| 5:14 | Construir | Mill |
| 5:51 | Crear | Villager (Male) |
| 5:51 | Crear | Villager (Male) |
| 5:51 | Crear | Villager (Male) |
| 5:51 | Crear | Villager (Male) |
| 6:28 | Construir | Lumber Camp |
| 7:20 | Crear | Villager (Male) |
| 7:21 | Crear | Villager (Male) |
| 7:52 | Crear | Villager (Male) |
| 7:52 | Crear | Villager (Male) |
| 8:18 | Crear | Villager (Male) |
| 8:36 | Construir | Mill |
| 9:29 | Crear | Villager (Male) |
| 9:36 | Crear | Villager (Male) |
| 9:49 | Construir | Farm |
| 9:49 | Construir | Farm |
| 9:49 | Construir | Farm |
| 9:50 | Construir | Farm |
| 9:50 | Construir | Farm |
| 9:50 | Construir | Farm |
| 9:50 | Construir | Farm |
| 9:50 | Construir | Farm |
| 9:59 | Crear | Villager (Male) |
| 10:01 | Investigar | Feudal Age |
| 10:55 | Construir | Farm |
| 11:30 | Construir | Farm |
| 11:33 | Crear | Villager (Male) |
| 11:34 | Crear | Villager (Male) |
| 11:34 | Crear | Villager (Male) |
| 12:11 | Edad | Edad Feudal |
| 12:18 | Construir | Blacksmith |
| 12:33 | Crear | Villager (Male) |
| 13:12 | Construir | Market |
| 13:15 | Crear | Villager (Male) |
| 13:16 | Crear | Villager (Male) |
| 13:55 | Construir | House |
| 13:59 | Investigar | Castle Age |
| 14:05 | Construir | House |
| 14:05 | Construir | House |
| 14:05 | Construir | House |
| 14:06 | Construir | House |
| 14:06 | Construir | House |
| 14:06 | Construir | House |
| 14:06 | Construir | House |
| 14:07 | Construir | House |
| 14:07 | Construir | House |
| 14:49 | Construir | House |
| 14:50 | Construir | House |
| 14:58 | Construir | Mining Camp |
| 15:52 | Crear | Villager (Male) |
| 15:52 | Crear | Villager (Male) |
| 16:11 | Investigar | Double-Bit Axe |
| 16:28 | Investigar | Loom |
| 16:37 | Construir | Stone Wall |
| 16:39 | Edad | Edad de los Castillos |
| 16:43 | Investigar | Bow Saw |
| 16:53 | Construir | Town Center |
| 17:01 | Crear | Villager (Male) |
| 17:02 | Crear | Villager (Male) |
| 17:56 | Crear | Villager (Male) |
| 17:56 | Crear | Villager (Male) |
| 17:56 | Crear | Villager (Male) |
| 18:12 | Crear | Villager (Male) |
| 18:13 | Crear | Villager (Male) |
| 18:13 | Crear | Villager (Male) |
| 18:13 | Crear | Villager (Male) |
| 18:29 | Construir | Mining Camp |
| 18:39 | Construir | Farm |
| 19:09 | Crear | Villager (Male) |
| 19:38 | Construir | Castle |
| 19:41 | Crear | Villager (Male) |
| 19:41 | Crear | Villager (Male) |
| 19:41 | Crear | Villager (Male) |
| 20:07 | Construir | Castle |
| 20:27 | Construir | Town Center |
| 20:29 | Crear | Villager (Male) |
| 20:29 | Crear | Villager (Male) |
| 20:30 | Crear | Villager (Male) |
| 20:31 | Crear | Villager (Male) |
| 20:31 | Crear | Villager (Male) |
| 20:31 | Crear | Villager (Male) |
| 20:31 | Crear | Villager (Male) |
| 20:45 | Construir | Farm |
| 21:03 | Investigar | Horse Collar |
| 21:21 | Crear | Villager (Male) |
| 21:27 | Construir | Farm |
| 21:42 | Construir | Farm |
| 21:48 | Crear | Villager (Male) |
| 21:48 | Crear | Villager (Male) |
| 22:05 | Construir | Stone Wall |
| 22:28 | Construir | Town Center |
| 22:35 | Crear | Villager (Male) |
| 22:36 | Crear | Villager (Male) |
| 22:37 | Crear | Villager (Male) |
| 22:37 | Crear | Villager (Male) |
| 22:37 | Crear | Villager (Male) |
| 22:47 | Construir | Farm |
| 22:47 | Construir | Farm |
| 22:47 | Construir | Farm |
| 22:48 | Construir | Farm |
| 22:48 | Construir | Farm |
| 22:49 | Construir | Farm |
| 22:49 | Construir | Farm |
| 23:17 | Construir | Monastery |
| 23:20 | Crear | Villager (Male) |
| 23:21 | Crear | Villager (Male) |
| 23:23 | Crear | Villager (Male) |
| 23:23 | Crear | Villager (Male) |
| 23:32 | Crear | Villager (Male) |
| 23:32 | Crear | Villager (Male) |
| 23:39 | Construir | Farm |
| 23:41 | Construir | Mill |
| 23:42 | Construir | Farm |
| 23:42 | Construir | Farm |
| 23:42 | Construir | Farm |
| 23:42 | Construir | Farm |
| 23:43 | Construir | Farm |
| 23:44 | Construir | Farm |
| 23:49 | Crear | Villager (Male) |
| 23:53 | Crear | Villager (Male) |
| 23:54 | Crear | Villager (Male) |
| 24:07 | Crear | Monk |
| 24:12 | Construir | Farm |
| 24:13 | Construir | Mill |
| 24:14 | Construir | Farm |
| 24:14 | Construir | Farm |
| 24:14 | Construir | Farm |
| 24:14 | Construir | Farm |
| 24:14 | Construir | Farm |
| 24:15 | Construir | Farm |
| 24:15 | Construir | Farm |
Build order — Vinago
Primeras 150 de 347 acciones detectadas
| 0:02 | Crear | Villager (Male) |
| 0:02 | Crear | Villager (Male) |
| 0:02 | Crear | Villager (Male) |
| 0:02 | Crear | Villager (Male) |
| 0:04 | Construir | House |
| 0:09 | Investigar | Loom |
| 0:09 | Investigar | Loom |
| 0:12 | Construir | House |
| 0:22 | Crear | Villager (Male) |
| 0:22 | Crear | Villager (Male) |
| 0:22 | Crear | Villager (Male) |
| 1:43 | Crear | Villager (Male) |
| 1:43 | Crear | Villager (Male) |
| 1:43 | Crear | Villager (Male) |
| 2:19 | Crear | Villager (Male) |
| 2:21 | Crear | Villager (Male) |
| 2:26 | Construir | Lumber Camp |
| 3:18 | Crear | Villager (Male) |
| 3:18 | Crear | Villager (Male) |
| 3:19 | Crear | Villager (Male) |
| 4:21 | Crear | Villager (Male) |
| 4:51 | Crear | Villager (Male) |
| 4:51 | Crear | Villager (Male) |
| 4:52 | Crear | Villager (Male) |
| 4:52 | Crear | Villager (Male) |
| 5:05 | Construir | Mill |
| 5:07 | Crear | Villager (Male) |
| 5:07 | Crear | Villager (Male) |
| 5:25 | Construir | House |
| 5:41 | Construir | House |
| 6:27 | Crear | Villager (Male) |
| 6:27 | Crear | Villager (Male) |
| 6:27 | Crear | Villager (Male) |
| 6:28 | Crear | Villager (Male) |
| 6:39 | Crear | Villager (Male) |
| 6:39 | Crear | Villager (Male) |
| 7:09 | Crear | Villager (Male) |
| 7:15 | Crear | Villager (Male) |
| 7:52 | Crear | Villager (Male) |
| 8:12 | Construir | Mining Camp |
| 8:40 | Crear | Villager (Male) |
| 8:43 | Construir | Barracks |
| 9:09 | Crear | Villager (Male) |
| 9:19 | Construir | House |
| 9:36 | Investigar | Feudal Age |
| 9:36 | Investigar | Feudal Age |
| 9:58 | Construir | Palisade Wall |
| 10:08 | Construir | Palisade Wall |
| 10:28 | Construir | House |
| 10:33 | Construir | House |
| 10:42 | Construir | Mining Camp |
| 11:11 | Construir | House |
| 11:46 | Edad | Edad Feudal |
| 11:52 | Crear | Villager (Male) |
| 11:52 | Crear | Villager (Male) |
| 11:53 | Crear | Villager (Male) |
| 12:12 | Crear | Villager (Male) |
| 12:26 | Construir | Archery Range |
| 12:36 | Construir | House |
| 12:40 | Crear | Villager (Male) |
| 12:52 | Construir | Farm |
| 12:53 | Construir | Farm |
| 12:54 | Crear | Villager (Male) |
| 13:12 | Construir | Palisade Wall |
| 13:19 | Construir | Palisade Wall |
| 13:26 | Crear | Villager (Male) |
| 13:27 | Construir | Farm |
| 13:35 | Construir | House |
| 13:42 | Crear | Villager (Male) |
| 13:48 | Crear | Archer |
| 13:48 | Crear | Archer |
| 14:22 | Construir | House |
| 14:25 | Crear | Villager (Male) |
| 14:38 | Crear | Archer |
| 14:47 | Crear | Villager (Male) |
| 15:00 | Construir | Archery Range |
| 15:06 | Construir | Palisade Wall |
| 15:28 | Construir | Farm |
| 15:31 | Construir | Farm |
| 15:39 | Construir | Palisade Wall |
| 15:42 | Construir | Palisade Wall |
| 15:50 | Crear | Archer |
| 15:52 | Crear | Villager (Male) |
| 16:09 | Construir | Lumber Camp |
| 16:12 | Crear | Villager (Male) |
| 16:18 | Construir | House |
| 16:27 | Crear | Villager (Male) |
| 16:28 | Crear | Archer |
| 16:28 | Crear | Archer |
| 16:54 | Crear | Archer |
| 16:54 | Crear | Archer |
| 17:09 | Construir | Lumber Camp |
| 17:18 | Crear | Archer |
| 17:18 | Crear | Archer |
| 17:26 | Construir | Palisade Wall |
| 17:34 | Crear | Villager (Male) |
| 17:35 | Crear | Villager (Male) |
| 17:45 | Construir | Farm |
| 17:57 | Construir | Farm |
| 18:03 | Crear | Archer |
| 18:03 | Crear | Archer |
| 18:28 | Construir | Farm |
| 18:29 | Construir | Farm |
| 18:39 | Construir | Farm |
| 18:41 | Construir | Farm |
| 18:52 | Crear | Villager (Male) |
| 19:00 | Construir | Blacksmith |
| 19:10 | Crear | Archer |
| 19:10 | Crear | Archer |
| 19:19 | Crear | Villager (Male) |
| 19:48 | Crear | Archer |
| 19:48 | Crear | Archer |
| 19:52 | Construir | Palisade Gate |
| 19:57 | Investigar | Castle Age |
| 19:57 | Investigar | Castle Age |
| 20:06 | Investigar | Double-Bit Axe |
| 20:06 | Investigar | Double-Bit Axe |
| 20:21 | Crear | Archer |
| 20:22 | Crear | Archer |
| 20:35 | Investigar | Horse Collar |
| 20:42 | Crear | Archer |
| 20:43 | Crear | Archer |
| 20:50 | Construir | Archery Range |
| 21:04 | Crear | Archer |
| 21:04 | Crear | Archer |
| 21:35 | Crear | Archer |
| 21:48 | Investigar | Wheelbarrow |
| 21:52 | Investigar | Gold Mining |
| 22:11 | Crear | Archer |
| 22:11 | Crear | Archer |
| 22:37 | Edad | Edad de los Castillos |
| 22:45 | Construir | Town Center |
| 22:56 | Investigar | Crossbowman (upgrade) |
| 23:00 | Crear | Archer |
| 23:01 | Crear | Archer |
| 23:01 | Crear | Archer |
| 23:05 | Crear | Villager (Male) |
| 23:06 | Crear | Villager (Male) |
| 23:19 | Construir | Monastery |
| 23:49 | Investigar | Fletching |
| 23:53 | Crear | Villager (Male) |
| 23:53 | Crear | Villager (Male) |
| 23:53 | Crear | Villager (Male) |
| 24:13 | Crear | Archer |
| 24:14 | Crear | Archer |
| 24:14 | Crear | Archer |
| 24:20 | Construir | Castle |
| 24:31 | Investigar | Padded Archer Armor |
| 24:31 | Investigar | Padded Archer Armor |
| 24:37 | Construir | University |
Build order — Wololo
Primeras 150 de 264 acciones detectadas
| 0:03 | Construir | House |
| 0:05 | Construir | House |
| 0:05 | Crear | Villager (Male) |
| 0:05 | Crear | Villager (Male) |
| 0:06 | Crear | Villager (Male) |
| 0:06 | Crear | Villager (Male) |
| 0:06 | Crear | Villager (Male) |
| 1:33 | Crear | Villager (Male) |
| 1:33 | Crear | Villager (Male) |
| 1:59 | Construir | Lumber Camp |
| 2:10 | Crear | Villager (Male) |
| 2:21 | Crear | Villager (Male) |
| 2:52 | Crear | Villager (Male) |
| 3:04 | Construir | House |
| 3:06 | Construir | House |
| 3:07 | Construir | House |
| 3:21 | Crear | Villager (Male) |
| 3:59 | Crear | Villager (Male) |
| 4:00 | Crear | Villager (Male) |
| 4:05 | Construir | House |
| 4:34 | Crear | Villager (Male) |
| 4:34 | Crear | Villager (Male) |
| 4:34 | Crear | Villager (Male) |
| 4:49 | Construir | Mill |
| 5:42 | Crear | Villager (Male) |
| 5:56 | Crear | Villager (Male) |
| 5:56 | Crear | Villager (Male) |
| 6:03 | Crear | Villager (Male) |
| 6:03 | Crear | Villager (Male) |
| 6:38 | Crear | Villager (Male) |
| 6:49 | Crear | Villager (Male) |
| 7:50 | Crear | Villager (Male) |
| 7:50 | Crear | Villager (Male) |
| 8:07 | Construir | Mill |
| 8:47 | Crear | Villager (Male) |
| 9:15 | Investigar | Feudal Age |
| 9:15 | Investigar | Feudal Age |
| 10:46 | Crear | Villager (Male) |
| 10:47 | Crear | Villager (Male) |
| 10:47 | Crear | Villager (Male) |
| 11:25 | Edad | Edad Feudal |
| 11:43 | Construir | Blacksmith |
| 11:52 | Construir | Market |
| 12:08 | Investigar | Double-Bit Axe |
| 12:17 | Construir | Farm |
| 12:27 | Construir | Farm |
| 12:27 | Construir | Farm |
| 12:27 | Construir | Farm |
| 12:27 | Construir | Farm |
| 12:27 | Construir | Farm |
| 12:28 | Construir | Farm |
| 12:37 | Construir | Farm |
| 12:42 | Construir | Farm |
| 12:47 | Construir | Farm |
| 12:50 | Crear | Villager (Male) |
| 12:51 | Crear | Villager (Male) |
| 12:53 | Investigar | Loom |
| 13:02 | Construir | House |
| 13:05 | Construir | House |
| 13:06 | Construir | House |
| 13:30 | Construir | Farm |
| 13:34 | Crear | Villager (Male) |
| 13:49 | Construir | Farm |
| 13:51 | Crear | Villager (Male) |
| 13:56 | Construir | Farm |
| 14:36 | Construir | Farm |
| 14:36 | Construir | Farm |
| 14:36 | Construir | Farm |
| 14:37 | Construir | Farm |
| 14:42 | Construir | Farm |
| 14:48 | Crear | Villager (Male) |
| 15:18 | Construir | Farm |
| 15:24 | Construir | Farm |
| 15:25 | Crear | Villager (Male) |
| 15:42 | Crear | Villager (Male) |
| 16:09 | Construir | Farm |
| 16:17 | Construir | Farm |
| 16:23 | Construir | Farm |
| 16:26 | Investigar | Castle Age |
| 18:06 | Construir | Farm |
| 18:22 | Crear | Villager (Male) |
| 18:22 | Crear | Villager (Male) |
| 18:22 | Crear | Villager (Male) |
| 19:06 | Edad | Edad de los Castillos |
| 19:12 | Investigar | Bow Saw |
| 19:35 | Construir | Mining Camp |
| 19:42 | Construir | Monastery |
| 20:21 | Crear | Villager (Male) |
| 20:22 | Crear | Villager (Male) |
| 20:39 | Crear | Monk |
| 21:00 | Construir | Town Center |
| 21:05 | Crear | Villager (Male) |
| 21:23 | Crear | Villager (Male) |
| 21:57 | Crear | Villager (Male) |
| 21:58 | Crear | Villager (Male) |
| 21:58 | Crear | Villager (Male) |
| 22:24 | Construir | University |
| 23:13 | Investigar | Imperial Age |
| 23:14 | Investigar | Wheelbarrow |
| 23:23 | Investigar | Wheelbarrow |
| 23:26 | Crear | Villager (Male) |
| 23:26 | Crear | Villager (Male) |
| 23:26 | Crear | Villager (Male) |
| 23:26 | Crear | Villager (Male) |
| 23:54 | Crear | Villager (Male) |
| 23:54 | Crear | Villager (Male) |
| 23:54 | Crear | Villager (Male) |
| 25:35 | Construir | House |
| 25:37 | Construir | House |
| 25:38 | Construir | House |
| 25:39 | Construir | House |
| 26:26 | Edad | Edad Imperial |
| 26:32 | Construir | Castle |
| 26:36 | Construir | Mining Camp |
| 26:39 | Crear | Villager (Male) |
| 26:43 | Construir | Barracks |
| 26:56 | Crear | Villager (Male) |
| 26:59 | Crear | Villager (Male) |
| 27:00 | Crear | Villager (Male) |
| 27:15 | Crear | Monk |
| 27:39 | Investigar | Scale Mail Armor |
| 27:39 | Investigar | Scale Mail Armor |
| 27:40 | Investigar | Forging |
| 27:48 | Crear | Villager (Male) |
| 27:48 | Crear | Villager (Male) |
| 27:53 | Investigar | Gold Mining |
| 28:03 | Crear | Villager (Male) |
| 28:03 | Crear | Villager (Male) |
| 28:03 | Crear | Villager (Male) |
| 28:35 | Investigar | Bearded Axe |
| 28:51 | Investigar | Elite Throwing Axeman (upgrade) |
| 28:51 | Investigar | Elite Throwing Axeman (upgrade) |
| 29:06 | Construir | Castle |
| 29:08 | Crear | Throwing Axeman |
| 29:08 | Crear | Throwing Axeman |
| 29:20 | Crear | Villager (Male) |
| 29:20 | Crear | Villager (Male) |
| 29:35 | Construir | Lumber Camp |
| 29:43 | Crear | Throwing Axeman |
| 29:49 | Investigar | Squires |
| 29:50 | Investigar | Arson |
| 30:01 | Crear | Villager (Male) |
| 30:01 | Crear | Villager (Male) |
| 30:08 | Construir | Farm |
| 30:08 | Construir | Farm |
| 30:09 | Construir | Farm |
| 30:09 | Construir | Farm |
| 30:09 | Construir | Farm |
| 30:09 | Construir | Farm |
| 30:09 | Construir | Farm |
Build order — Harry Pioter
Primeras 150 de 395 acciones detectadas
| 0:00 | Crear | Villager (Male) |
| 0:01 | Crear | Villager (Male) |
| 0:01 | Crear | Villager (Male) |
| 0:02 | Construir | House |
| 0:03 | Construir | House |
| 0:22 | Crear | Villager (Male) |
| 1:28 | Crear | Villager (Male) |
| 2:03 | Construir | Settlement |
| 2:05 | Crear | Villager (Male) |
| 2:18 | Crear | Villager (Male) |
| 2:47 | Crear | Villager (Male) |
| 3:10 | Crear | Villager (Male) |
| 3:38 | Crear | Villager (Male) |
| 3:54 | Crear | Villager (Male) |
| 4:28 | Crear | Villager (Male) |
| 4:42 | Construir | Settlement |
| 4:48 | Crear | Villager (Male) |
| 4:49 | Crear | Villager (Male) |
| 5:22 | Crear | Villager (Male) |
| 5:46 | Crear | Villager (Male) |
| 5:56 | Crear | Villager (Male) |
| 6:16 | Investigar | Loom |
| 6:28 | Construir | Settlement |
| 6:33 | Construir | Settlement |
| 7:33 | Investigar | Feudal Age |
| 7:33 | Investigar | Feudal Age |
| 8:43 | Construir | Barracks |
| 9:36 | Crear | Villager (Male) |
| 9:43 | Edad | Edad Feudal |
| 9:58 | Construir | Settlement |
| 10:01 | Crear | Villager (Male) |
| 10:04 | Crear | Unit 2550 |
| 10:07 | Crear | Unit 2550 |
| 10:38 | Crear | Villager (Male) |
| 10:38 | Crear | Villager (Male) |
| 11:06 | Construir | Outpost |
| 11:11 | Construir | Outpost |
| 11:12 | Crear | Villager (Male) |
| 11:21 | Investigar | Double-Bit Axe |
| 11:23 | Construir | Farm |
| 11:30 | Construir | Farm |
| 11:43 | Crear | Villager (Male) |
| 11:50 | Construir | Outpost |
| 11:56 | Construir | Outpost |
| 12:01 | Investigar | Town Watch |
| 12:13 | Construir | Outpost |
| 12:14 | Crear | Villager (Male) |
| 12:19 | Crear | Villager (Male) |
| 12:22 | Construir | Farm |
| 12:30 | Crear | Unit 2550 |
| 12:38 | Construir | Farm |
| 12:59 | Construir | Outpost |
| 13:02 | Crear | Unit 2550 |
| 13:11 | Construir | Outpost |
| 13:15 | Crear | Villager (Male) |
| 13:17 | Investigar | Tech 1402 |
| 13:30 | Construir | Farm |
| 13:33 | Construir | Farm |
| 13:35 | Construir | Farm |
| 13:39 | Construir | Farm |
| 13:43 | Construir | Farm |
| 13:49 | Crear | Villager (Male) |
| 14:01 | Construir | Farm |
| 14:07 | Construir | Farm |
| 14:13 | Crear | Villager (Male) |
| 14:17 | Construir | Farm |
| 14:28 | Construir | Farm |
| 14:32 | Crear | Skirmisher |
| 14:36 | Construir | House |
| 14:37 | Construir | House |
| 14:48 | Crear | Unit 2550 |
| 15:17 | Investigar | Wheelbarrow |
| 15:20 | Construir | Farm |
| 15:50 | Crear | Unit 2550 |
| 15:51 | Crear | Villager (Male) |
| 15:57 | Construir | Blacksmith |
| 16:14 | Crear | Unit 2550 |
| 16:24 | Construir | House |
| 16:42 | Construir | House |
| 16:44 | Construir | House |
| 16:47 | Crear | Villager (Male) |
| 17:18 | Construir | House |
| 17:34 | Construir | Farm |
| 17:35 | Crear | Villager (Male) |
| 17:40 | Construir | Market |
| 17:48 | Crear | Villager (Male) |
| 18:37 | Construir | Barracks |
| 19:02 | Construir | Farm |
| 19:08 | Investigar | Castle Age |
| 19:08 | Investigar | Castle Age |
| 19:13 | Investigar | Horse Collar |
| 19:39 | Construir | House |
| 19:42 | Construir | House |
| 20:05 | Investigar | Gold Mining |
| 20:20 | Crear | Unit 2550 |
| 20:20 | Crear | Unit 2550 |
| 20:47 | Construir | Outpost |
| 20:55 | Crear | Unit 2550 |
| 20:55 | Crear | Unit 2550 |
| 21:08 | Investigar | Forging |
| 21:20 | Construir | Farm |
| 21:25 | Crear | Villager (Male) |
| 21:48 | Edad | Edad de los Castillos |
| 21:51 | Construir | Town Center |
| 21:55 | Construir | Town Center |
| 21:57 | Crear | Villager (Male) |
| 22:26 | Crear | Villager (Male) |
| 22:56 | Crear | Villager (Male) |
| 23:00 | Investigar | Heavy Plow |
| 23:17 | Crear | Villager (Male) |
| 23:19 | Crear | Villager (Male) |
| 23:25 | Crear | Villager (Male) |
| 23:26 | Construir | Farm |
| 24:01 | Crear | Villager (Male) |
| 24:03 | Crear | Villager (Male) |
| 24:04 | Crear | Villager (Male) |
| 24:21 | Crear | Villager (Male) |
| 24:22 | Crear | Villager (Male) |
| 24:26 | Construir | Farm |
| 24:39 | Crear | Villager (Male) |
| 24:42 | Crear | Villager (Male) |
| 24:43 | Crear | Villager (Male) |
| 24:54 | Construir | Farm |
| 24:55 | Construir | Farm |
| 24:58 | Construir | Farm |
| 25:00 | Construir | Farm |
| 25:03 | Construir | Farm |
| 25:04 | Crear | Villager (Male) |
| 25:04 | Crear | Villager (Male) |
| 25:18 | Crear | Villager (Male) |
| 25:26 | Construir | Farm |
| 25:39 | Construir | Farm |
| 25:41 | Construir | Farm |
| 25:42 | Crear | Villager (Male) |
| 25:43 | Crear | Villager (Male) |
| 25:44 | Crear | Villager (Male) |
| 25:55 | Crear | Villager (Male) |
| 26:13 | Construir | Archery Range |
| 26:20 | Construir | Archery Range |
| 26:25 | Crear | Villager (Male) |
| 26:25 | Crear | Villager (Male) |
| 26:26 | Crear | Villager (Male) |
| 26:27 | Crear | Villager (Male) |
| 26:39 | Investigar | Fletching |
| 26:39 | Investigar | Fletching |
| 26:58 | Crear | Villager (Male) |
| 26:58 | Crear | Villager (Male) |
| 27:03 | Crear | Skirmisher |
| 27:21 | Crear | Skirmisher |
| 27:23 | Investigar | Elite Skirmisher (upgrade) |
Build order — Aklsuz
Primeras 150 de 326 acciones detectadas
| 0:02 | Construir | House |
| 0:03 | Crear | Villager (Male) |
| 0:03 | Crear | Villager (Male) |
| 0:03 | Investigar | Loom |
| 0:04 | Crear | Villager (Male) |
| 0:05 | Construir | House |
| 0:29 | Crear | Villager (Male) |
| 0:31 | Investigar | Loom |
| 0:33 | Crear | Villager (Male) |
| 1:30 | Crear | Villager (Male) |
| 2:08 | Crear | Villager (Male) |
| 2:08 | Crear | Villager (Male) |
| 2:15 | Construir | Lumber Camp |
| 2:29 | Crear | Villager (Male) |
| 2:59 | Crear | Villager (Male) |
| 3:00 | Crear | Villager (Male) |
| 3:13 | Crear | Villager (Male) |
| 3:13 | Crear | Villager (Male) |
| 4:25 | Crear | Villager (Male) |
| 4:48 | Crear | Villager (Male) |
| 5:04 | Construir | House |
| 5:18 | Construir | Mill |
| 5:28 | Crear | Villager (Male) |
| 5:29 | Crear | Villager (Male) |
| 5:58 | Crear | Villager (Male) |
| 5:58 | Crear | Villager (Male) |
| 6:28 | Crear | Villager (Male) |
| 6:44 | Construir | Dock |
| 6:46 | Crear | Villager (Male) |
| 7:19 | Construir | House |
| 7:47 | Crear | Fishing Ship |
| 8:03 | Crear | Villager (Male) |
| 8:32 | Crear | Fishing Ship |
| 8:34 | Crear | Villager (Male) |
| 8:37 | Crear | Villager (Male) |
| 9:11 | Investigar | Feudal Age |
| 9:18 | Crear | Fishing Ship |
| 9:29 | Construir | House |
| 10:07 | Construir | Palisade Wall |
| 10:09 | Construir | Barracks |
| 10:36 | Construir | House |
| 10:49 | Crear | Fishing Ship |
| 11:00 | Construir | Palisade Wall |
| 11:09 | Crear | Villager (Male) |
| 11:09 | Crear | Villager (Male) |
| 11:21 | Edad | Edad Feudal |
| 11:25 | Construir | Stable |
| 11:33 | Crear | Demolition Raft |
| 11:37 | Investigar | Double-Bit Axe |
| 11:42 | Crear | Demolition Raft |
| 11:49 | Crear | Fishing Ship |
| 11:58 | Construir | House |
| 12:06 | Crear | Villager (Male) |
| 12:15 | Construir | Farm |
| 12:19 | Crear | Scout Cavalry |
| 12:19 | Crear | Scout Cavalry |
| 12:19 | Crear | Scout Cavalry |
| 12:35 | Construir | Farm |
| 12:37 | Construir | Farm |
| 12:38 | Crear | Villager (Male) |
| 12:54 | Construir | Farm |
| 12:55 | Crear | Villager (Male) |
| 13:01 | Construir | Mining Camp |
| 13:21 | Crear | Villager (Male) |
| 13:25 | Construir | Mill |
| 13:30 | Crear | Villager (Male) |
| 13:34 | Construir | Farm |
| 13:45 | Crear | Villager (Male) |
| 13:47 | Crear | Scout Cavalry |
| 13:50 | Construir | Farm |
| 14:01 | Construir | Farm |
| 14:08 | Crear | Villager (Male) |
| 14:34 | Crear | Villager (Male) |
| 14:39 | Crear | Villager (Male) |
| 14:44 | Construir | Mining Camp |
| 14:49 | Construir | Farm |
| 14:50 | Construir | Farm |
| 14:52 | Construir | Farm |
| 15:14 | Crear | Villager (Male) |
| 15:18 | Construir | House |
| 15:19 | Construir | House |
| 15:21 | Construir | House |
| 15:28 | Investigar | Horse Collar |
| 15:35 | Construir | House |
| 15:54 | Crear | Scout Cavalry |
| 15:57 | Construir | House |
| 16:01 | Construir | Farm |
| 16:02 | Crear | Villager (Male) |
| 16:21 | Crear | Villager (Male) |
| 16:29 | Construir | Palisade Wall |
| 16:31 | Construir | Palisade Wall |
| 16:33 | Crear | Villager (Male) |
| 16:40 | Crear | Scout Cavalry |
| 16:49 | Construir | Market |
| 16:51 | Crear | Villager (Male) |
| 16:55 | Construir | House |
| 17:12 | Crear | Villager (Male) |
| 17:20 | Construir | Farm |
| 17:21 | Crear | Villager (Male) |
| 17:52 | Crear | Villager (Male) |
| 18:07 | Investigar | Bloodlines |
| 18:12 | Investigar | Castle Age |
| 18:12 | Investigar | Castle Age |
| 18:16 | Construir | House |
| 18:36 | Construir | Palisade Wall |
| 18:44 | Construir | Palisade Wall |
| 19:47 | Construir | Farm |
| 19:50 | Construir | Farm |
| 20:03 | Crear | Scout Cavalry |
| 20:13 | Construir | Blacksmith |
| 20:45 | Crear | Scout Cavalry |
| 20:55 | Investigar | Padded Archer Armor |
| 20:58 | Construir | House |
| 21:12 | Edad | Edad de los Castillos |
| 21:32 | Construir | Castle |
| 21:37 | Crear | Villager (Male) |
| 21:37 | Crear | Villager (Male) |
| 21:51 | Crear | Demolition Raft |
| 21:58 | Crear | Villager (Male) |
| 22:02 | Investigar | Husbandry |
| 22:24 | Investigar | Gold Mining |
| 22:31 | Investigar | Leather Archer Armor |
| 22:33 | Crear | Conquistador |
| 22:33 | Crear | Conquistador |
| 22:33 | Crear | Conquistador |
| 22:41 | Construir | Farm |
| 22:43 | Construir | Farm |
| 22:48 | Construir | Farm |
| 22:51 | Crear | Villager (Male) |
| 22:53 | Investigar | Bow Saw |
| 22:56 | Crear | Conquistador |
| 23:20 | Crear | Conquistador |
| 23:27 | Construir | Town Center |
| 23:37 | Investigar | Heavy Plow |
| 23:39 | Crear | Villager (Male) |
| 23:39 | Crear | Villager (Male) |
| 23:56 | Crear | Conquistador |
| 24:20 | Crear | Villager (Male) |
| 24:53 | Crear | Villager (Male) |
| 24:59 | Construir | Farm |
| 25:02 | Crear | Villager (Male) |
| 25:05 | Crear | Villager (Male) |
| 25:05 | Crear | Villager (Male) |
| 25:08 | Construir | Farm |
| 25:09 | Construir | Farm |
| 25:12 | Construir | Farm |
| 25:13 | Crear | Villager (Male) |
| 25:13 | Crear | Villager (Male) |
| 25:16 | Crear | Conquistador |
| 25:16 | Crear | Conquistador |
Build order — 动车的车头
Primeras 150 de 426 acciones detectadas
| 0:02 | Crear | Villager (Male) |
| 0:02 | Crear | Villager (Male) |
| 0:03 | Construir | House |
| 0:04 | Construir | House |
| 0:20 | Crear | Villager (Male) |
| 0:29 | Crear | Villager (Male) |
| 0:29 | Crear | Villager (Male) |
| 1:27 | Crear | Villager (Male) |
| 1:49 | Crear | Villager (Male) |
| 1:49 | Crear | Villager (Male) |
| 2:12 | Crear | Villager (Male) |
| 2:19 | Construir | House |
| 2:35 | Crear | Villager (Male) |
| 2:35 | Crear | Villager (Male) |
| 2:46 | Crear | Villager (Male) |
| 2:46 | Crear | Villager (Male) |
| 3:05 | Crear | Villager (Male) |
| 3:05 | Crear | Villager (Male) |
| 3:17 | Crear | Villager (Male) |
| 3:17 | Crear | Villager (Male) |
| 3:40 | Crear | Villager (Male) |
| 3:41 | Crear | Villager (Male) |
| 3:47 | Construir | Lumber Camp |
| 4:16 | Crear | Villager (Male) |
| 5:12 | Crear | Villager (Male) |
| 5:27 | Crear | Villager (Male) |
| 5:47 | Crear | Villager (Male) |
| 5:51 | Construir | Mill |
| 5:58 | Construir | House |
| 6:31 | Crear | Villager (Male) |
| 6:48 | Crear | Villager (Male) |
| 7:13 | Construir | Mill |
| 7:28 | Crear | Villager (Male) |
| 7:28 | Crear | Villager (Male) |
| 8:03 | Construir | House |
| 8:08 | Crear | Villager (Male) |
| 8:09 | Crear | Villager (Male) |
| 8:36 | Investigar | Feudal Age |
| 8:44 | Construir | Mining Camp |
| 8:59 | Investigar | Loom |
| 8:59 | Investigar | Loom |
| 9:00 | Investigar | Feudal Age |
| 9:20 | Construir | Farm |
| 9:47 | Construir | Farm |
| 10:36 | Construir | House |
| 10:40 | Construir | House |
| 11:03 | Crear | Villager (Male) |
| 11:04 | Crear | Villager (Male) |
| 11:47 | Edad | Edad Feudal |
| 11:50 | Construir | Market |
| 11:56 | Construir | Blacksmith |
| 12:12 | Construir | Farm |
| 12:45 | Investigar | Castle Age |
| 12:45 | Investigar | Castle Age |
| 12:46 | Investigar | Castle Age |
| 12:54 | Construir | Palisade Wall |
| 13:05 | Construir | Farm |
| 13:08 | Construir | Farm |
| 13:56 | Investigar | Double-Bit Axe |
| 13:56 | Investigar | Double-Bit Axe |
| 14:04 | Construir | Farm |
| 14:27 | Crear | Villager (Male) |
| 14:28 | Crear | Villager (Male) |
| 15:25 | Edad | Edad de los Castillos |
| 15:30 | Construir | Castle |
| 15:35 | Crear | Villager (Male) |
| 15:37 | Investigar | Bow Saw |
| 15:37 | Investigar | Bow Saw |
| 15:37 | Investigar | Bow Saw |
| 15:48 | Construir | Mining Camp |
| 15:54 | Construir | Farm |
| 16:09 | Investigar | Horse Collar |
| 16:10 | Investigar | Horse Collar |
| 16:31 | Construir | Farm |
| 16:33 | Crear | Villager (Male) |
| 16:41 | Construir | Town Center |
| 16:48 | Crear | Longbowman |
| 16:49 | Crear | Longbowman |
| 17:02 | Investigar | Gold Mining |
| 17:03 | Investigar | Gold Mining |
| 17:16 | Construir | Farm |
| 17:31 | Crear | Villager (Male) |
| 17:31 | Crear | Villager (Male) |
| 17:33 | Crear | Longbowman |
| 17:33 | Crear | Longbowman |
| 17:43 | Crear | Longbowman |
| 17:43 | Crear | Longbowman |
| 18:04 | Crear | Longbowman |
| 18:04 | Crear | Longbowman |
| 18:04 | Crear | Longbowman |
| 18:18 | Crear | Villager (Male) |
| 18:18 | Crear | Villager (Male) |
| 18:23 | Crear | Longbowman |
| 18:23 | Crear | Longbowman |
| 18:30 | Crear | Villager (Male) |
| 18:30 | Crear | Villager (Male) |
| 18:35 | Crear | Longbowman |
| 18:36 | Crear | Longbowman |
| 18:45 | Crear | Villager (Male) |
| 18:45 | Crear | Villager (Male) |
| 18:54 | Crear | Longbowman |
| 18:55 | Crear | Longbowman |
| 19:06 | Crear | Villager (Male) |
| 19:22 | Crear | Longbowman |
| 19:22 | Crear | Longbowman |
| 19:33 | Construir | Farm |
| 19:33 | Construir | Farm |
| 19:36 | Crear | Villager (Male) |
| 19:36 | Crear | Villager (Male) |
| 19:40 | Construir | House |
| 19:42 | Crear | Villager (Male) |
| 19:44 | Crear | Longbowman |
| 19:44 | Crear | Longbowman |
| 19:44 | Crear | Longbowman |
| 19:57 | Construir | Farm |
| 20:01 | Construir | Farm |
| 20:03 | Construir | Farm |
| 20:08 | Crear | Villager (Male) |
| 20:26 | Construir | Town Center |
| 20:29 | Crear | Villager (Male) |
| 20:29 | Crear | Villager (Male) |
| 20:35 | Crear | Longbowman |
| 20:35 | Crear | Longbowman |
| 20:40 | Construir | Farm |
| 20:40 | Construir | Farm |
| 20:59 | Investigar | Fletching |
| 21:00 | Investigar | Fletching |
| 21:06 | Construir | Dock |
| 21:09 | Crear | Villager (Male) |
| 21:09 | Crear | Villager (Male) |
| 21:19 | Crear | Villager (Male) |
| 21:37 | Construir | Farm |
| 21:40 | Construir | Lumber Camp |
| 21:42 | Crear | Villager (Male) |
| 21:43 | Crear | Villager (Male) |
| 21:56 | Crear | Fishing Ship |
| 21:56 | Crear | Fishing Ship |
| 21:58 | Crear | Villager (Male) |
| 22:04 | Crear | Longbowman |
| 22:04 | Crear | Longbowman |
| 22:13 | Crear | Villager (Male) |
| 22:13 | Crear | Villager (Male) |
| 22:29 | Construir | Farm |
| 22:33 | Investigar | Bodkin Arrow |
| 22:39 | Construir | Farm |
| 22:39 | Construir | Farm |
| 22:41 | Construir | Farm |
| 22:43 | Crear | Villager (Male) |
| 22:44 | Crear | Villager (Male) |
| 22:56 | Crear | Villager (Male) |
Build order — ManCoVsky
Primeras 150 de 300 acciones detectadas
| 0:11 | Crear | Villager (Male) |
| 0:11 | Crear | Villager (Male) |
| 0:11 | Crear | Villager (Male) |
| 0:13 | Construir | House |
| 0:14 | Construir | House |
| 0:28 | Crear | Villager (Male) |
| 0:28 | Crear | Villager (Male) |
| 2:04 | Construir | Lumber Camp |
| 2:16 | Construir | Lumber Camp |
| 2:17 | Crear | Villager (Male) |
| 2:18 | Crear | Villager (Male) |
| 2:18 | Crear | Villager (Male) |
| 2:51 | Crear | Villager (Male) |
| 3:25 | Crear | Villager (Male) |
| 3:26 | Crear | Villager (Male) |
| 4:30 | Crear | Villager (Male) |
| 4:46 | Crear | Villager (Male) |
| 4:57 | Crear | Villager (Male) |
| 5:01 | Construir | Mill |
| 5:21 | Investigar | Loom |
| 5:23 | Construir | House |
| 5:32 | Crear | Villager (Male) |
| 5:51 | Crear | Villager (Male) |
| 6:01 | Construir | House |
| 6:06 | Crear | Villager (Male) |
| 7:02 | Crear | Villager (Male) |
| 7:36 | Crear | Villager (Male) |
| 7:58 | Crear | Villager (Male) |
| 8:14 | Construir | Mill |
| 8:28 | Crear | Villager (Male) |
| 8:33 | Construir | Farm |
| 8:36 | Construir | Farm |
| 8:54 | Crear | Villager (Male) |
| 9:24 | Investigar | Feudal Age |
| 9:24 | Investigar | Feudal Age |
| 9:29 | Construir | Farm |
| 10:01 | Construir | Mining Camp |
| 10:49 | Crear | Villager (Male) |
| 11:18 | Crear | Villager (Male) |
| 11:34 | Edad | Edad Feudal |
| 11:39 | Construir | Market |
| 11:44 | Construir | Blacksmith |
| 12:00 | Construir | Farm |
| 12:03 | Construir | Farm |
| 12:21 | Construir | Farm |
| 13:03 | Construir | Farm |
| 13:08 | Construir | Farm |
| 13:54 | Construir | Farm |
| 14:09 | Investigar | Castle Age |
| 14:09 | Investigar | Castle Age |
| 14:10 | Investigar | Castle Age |
| 14:32 | Construir | Mining Camp |
| 14:50 | Investigar | Double-Bit Axe |
| 15:17 | Investigar | Horse Collar |
| 15:35 | Investigar | Gold Mining |
| 16:04 | Investigar | Stone Mining |
| 16:11 | Crear | Villager (Male) |
| 16:20 | Construir | House |
| 16:49 | Edad | Edad de los Castillos |
| 16:56 | Crear | Villager (Male) |
| 17:06 | Investigar | Bow Saw |
| 17:20 | Crear | Villager (Male) |
| 17:25 | Construir | House |
| 17:32 | Investigar | Town Watch |
| 17:41 | Construir | House |
| 17:53 | Investigar | Gold Shaft Mining |
| 18:09 | Construir | Farm |
| 18:22 | Crear | Villager (Male) |
| 18:50 | Crear | Villager (Male) |
| 18:50 | Crear | Villager (Male) |
| 18:51 | Crear | Villager (Male) |
| 18:52 | Construir | Farm |
| 19:08 | Crear | Villager (Male) |
| 19:13 | Construir | Castle |
| 19:31 | Crear | Villager (Male) |
| 19:46 | Construir | Farm |
| 19:54 | Crear | Villager (Male) |
| 20:13 | Crear | Villager (Male) |
| 20:23 | Investigar | Heavy Plow |
| 20:41 | Construir | Farm |
| 20:43 | Crear | Villager (Male) |
| 20:48 | Crear | Villager (Male) |
| 20:53 | Crear | Villager (Male) |
| 21:05 | Crear | Unit 1949 |
| 21:13 | Crear | Villager (Male) |
| 21:33 | Crear | Unit 1949 |
| 21:37 | Crear | Villager (Male) |
| 21:52 | Crear | Unit 1949 |
| 22:06 | Investigar | Wheelbarrow |
| 22:11 | Crear | Villager (Male) |
| 22:18 | Crear | Unit 1949 |
| 22:25 | Crear | Unit 1949 |
| 22:34 | Construir | Barracks |
| 22:39 | Crear | Villager (Male) |
| 22:46 | Crear | Unit 1949 |
| 23:13 | Crear | Unit 1949 |
| 23:17 | Crear | Villager (Male) |
| 23:27 | Crear | Villager (Male) |
| 23:45 | Crear | Unit 1949 |
| 23:45 | Crear | Unit 1949 |
| 23:48 | Crear | Villager (Male) |
| 23:51 | Construir | Stable |
| 24:08 | Crear | Unit 1949 |
| 24:28 | Construir | Lumber Camp |
| 24:33 | Investigar | Scale Barding Armor |
| 24:33 | Investigar | Forging |
| 24:39 | Crear | Unit 1949 |
| 24:48 | Crear | Villager (Male) |
| 24:53 | Construir | Farm |
| 24:54 | Construir | Farm |
| 24:54 | Construir | Farm |
| 24:54 | Construir | Farm |
| 24:54 | Construir | Farm |
| 25:20 | Investigar | Bloodlines |
| 25:46 | Crear | Villager (Male) |
| 25:46 | Crear | Villager (Male) |
| 26:01 | Crear | Villager (Male) |
| 26:06 | Construir | Town Center |
| 26:18 | Investigar | Husbandry |
| 26:25 | Construir | Town Center |
| 26:29 | Crear | Unit 1949 |
| 26:29 | Crear | Unit 1949 |
| 26:33 | Crear | Unit 1949 |
| 26:33 | Crear | Unit 1949 |
| 26:59 | Crear | Villager (Male) |
| 27:00 | Crear | Villager (Male) |
| 27:03 | Construir | Farm |
| 27:05 | Crear | Villager (Male) |
| 27:12 | Crear | Unit 1944 |
| 27:12 | Crear | Unit 1944 |
| 27:19 | Crear | Unit 1949 |
| 27:19 | Crear | Unit 1949 |
| 27:37 | Crear | Unit 1949 |
| 27:38 | Crear | Unit 1949 |
| 27:38 | Crear | Unit 1949 |
| 27:56 | Crear | Villager (Male) |
| 28:00 | Construir | House |
| 28:01 | Construir | House |
| 28:01 | Construir | House |
| 28:01 | Construir | House |
| 28:02 | Construir | House |
| 28:07 | Crear | Villager (Male) |
| 28:07 | Crear | Villager (Male) |
| 28:25 | Crear | Unit 1949 |
| 28:39 | Crear | Unit 1949 |
| 28:39 | Crear | Unit 1949 |
| 29:01 | Crear | Villager (Male) |
| 29:01 | Crear | Villager (Male) |
| 29:09 | Crear | Unit 1949 |
| 29:23 | Crear | Villager (Male) |
Build order — 沙正街小霸王
Primeras 150 de 320 acciones detectadas
| 0:04 | Crear | Villager (Male) |
| 0:05 | Crear | Villager (Male) |
| 0:05 | Crear | Villager (Male) |
| 0:41 | Crear | Villager (Male) |
| 1:40 | Crear | Villager (Male) |
| 1:40 | Crear | Villager (Male) |
| 2:14 | Construir | Mill |
| 2:24 | Crear | Villager (Male) |
| 2:24 | Crear | Villager (Male) |
| 2:39 | Crear | Villager (Male) |
| 3:26 | Crear | Villager (Male) |
| 3:26 | Crear | Villager (Male) |
| 4:20 | Crear | Villager (Male) |
| 4:20 | Crear | Villager (Male) |
| 4:40 | Crear | Villager (Male) |
| 4:58 | Crear | Villager (Male) |
| 6:00 | Crear | Villager (Male) |
| 6:20 | Crear | Villager (Male) |
| 6:28 | Construir | Mill |
| 6:34 | Crear | Villager (Male) |
| 6:57 | Crear | Villager (Male) |
| 7:40 | Crear | Villager (Male) |
| 8:15 | Construir | Dock |
| 8:28 | Crear | Villager (Male) |
| 8:28 | Crear | Villager (Male) |
| 9:03 | Investigar | Feudal Age |
| 9:22 | Construir | Lumber Camp |
| 9:53 | Crear | Fishing Ship |
| 9:54 | Crear | Fishing Ship |
| 10:37 | Crear | Fishing Ship |
| 11:28 | Edad | Edad Feudal |
| 11:31 | Investigar | Horse Collar |
| 11:35 | Investigar | Double-Bit Axe |
| 11:38 | Crear | Villager (Male) |
| 12:02 | Crear | Villager (Male) |
| 12:11 | Construir | Farm |
| 12:12 | Construir | Farm |
| 12:16 | Construir | Farm |
| 12:17 | Construir | Farm |
| 12:20 | Construir | Farm |
| 12:33 | Crear | Villager (Male) |
| 12:39 | Construir | Farm |
| 12:54 | Construir | Farm |
| 13:02 | Construir | Farm |
| 13:05 | Crear | Villager (Male) |
| 13:15 | Construir | Farm |
| 13:35 | Construir | Farm |
| 13:36 | Crear | Villager (Male) |
| 13:44 | Crear | Fishing Ship |
| 14:04 | Crear | Villager (Male) |
| 14:07 | Construir | Farm |
| 14:18 | Construir | Barracks |
| 14:28 | Construir | Barracks |
| 14:32 | Crear | Villager (Male) |
| 14:38 | Construir | Farm |
| 14:39 | Crear | Villager (Male) |
| 15:01 | Construir | Farm |
| 15:03 | Crear | Villager (Male) |
| 15:26 | Construir | Archery Range |
| 15:38 | Construir | Farm |
| 15:57 | Crear | Villager (Male) |
| 16:05 | Construir | Stable |
| 16:30 | Crear | Villager (Male) |
| 16:37 | Crear | Fishing Ship |
| 16:48 | Construir | Archery Range |
| 16:53 | Construir | Mining Camp |
| 16:56 | Investigar | Castle Age |
| 17:09 | Construir | Stone Wall |
| 17:37 | Construir | Mining Camp |
| 18:08 | Construir | Stone Wall |
| 18:16 | Investigar | Gold Mining |
| 18:25 | Crear | Fishing Ship |
| 18:40 | Construir | Dock |
| 18:53 | Crear | Villager (Male) |
| 18:54 | Crear | Villager (Male) |
| 19:16 | Investigar | Bloodlines |
| 19:35 | Edad | Edad de los Castillos |
| 19:58 | Construir | Town Center |
| 20:12 | Investigar | Bow Saw |
| 20:17 | Crear | Fishing Ship |
| 20:30 | Crear | Villager (Male) |
| 20:55 | Investigar | Heavy Plow |
| 20:57 | Crear | Villager (Male) |
| 21:08 | Crear | Fishing Ship |
| 21:08 | Crear | Fishing Ship |
| 21:21 | Investigar | Loom |
| 21:24 | Investigar | Husbandry |
| 21:42 | Construir | Stone Wall |
| 21:50 | Construir | Stone Wall |
| 21:55 | Construir | Stone Wall |
| 22:01 | Crear | Villager (Male) |
| 22:01 | Crear | Villager (Male) |
| 22:03 | Crear | Villager (Male) |
| 22:04 | Crear | Villager (Male) |
| 22:26 | Construir | Monastery |
| 22:34 | Construir | Farm |
| 22:35 | Crear | Villager (Male) |
| 22:40 | Crear | Villager (Male) |
| 22:56 | Crear | Monk |
| 23:03 | Construir | Farm |
| 23:07 | Crear | Villager (Male) |
| 23:08 | Crear | Villager (Male) |
| 23:20 | Construir | Town Center |
| 23:24 | Crear | Villager (Male) |
| 23:29 | Construir | Farm |
| 23:30 | Crear | Villager (Male) |
| 23:37 | Crear | Villager (Male) |
| 23:41 | Crear | Villager (Male) |
| 23:47 | Investigar | Tech 906 |
| 24:11 | Crear | Villager (Male) |
| 24:11 | Crear | Villager (Male) |
| 24:13 | Crear | Villager (Male) |
| 24:13 | Crear | Villager (Male) |
| 24:21 | Crear | Knight |
| 24:21 | Crear | Knight |
| 24:26 | Crear | Villager (Male) |
| 24:38 | Crear | Cavalry Archer |
| 24:38 | Crear | Cavalry Archer |
| 24:44 | Construir | University |
| 24:54 | Crear | Villager (Male) |
| 25:08 | Crear | Knight |
| 25:19 | Crear | Villager (Male) |
| 25:22 | Crear | Villager (Male) |
| 25:30 | Construir | Building 673 |
| 25:57 | Crear | Villager (Male) |
| 25:58 | Crear | Villager (Male) |
| 26:04 | Crear | Villager (Male) |
| 26:04 | Crear | Villager (Male) |
| 26:09 | Crear | Villager (Male) |
| 26:09 | Crear | Villager (Male) |
| 26:18 | Construir | Lumber Camp |
| 26:34 | Construir | Lumber Camp |
| 26:37 | Crear | Villager (Male) |
| 26:38 | Crear | Villager (Male) |
| 26:51 | Crear | Villager (Male) |
| 27:25 | Crear | Villager (Male) |
| 27:29 | Investigar | Gold Shaft Mining |
| 27:44 | Construir | Building 665 |
| 27:51 | Crear | Villager (Male) |
| 27:57 | Investigar | Thumb Ring |
| 28:01 | Crear | Villager (Male) |
| 28:04 | Crear | Villager (Male) |
| 28:08 | Crear | Villager (Male) |
| 28:09 | Crear | Villager (Male) |
| 28:37 | Construir | Castle |
| 28:49 | Investigar | Ballistics |
| 28:53 | Investigar | Imperial Age |
| 29:12 | Construir | Farm |
| 29:14 | Construir | Farm |
| 29:15 | Crear | Villager (Male) |
Cronología de la partida
| 6:44 | Aklsuz · first_building Dock |
| 8:15 | 沙正街小霸王 · first_building Dock |
| 8:43 | Harry Pioter · first_building Barracks |
| 8:43 | Vinago · first_building Barracks |
| 9:43 | Harry Pioter · age_up feudal |
| 9:58 | Vinago · wall_segment Palisade Wall x6 |
| 10:07 | Aklsuz · wall_segment Palisade Wall x2 |
| 10:08 | Vinago · wall_segment Palisade Wall x15 |
| 10:09 | Aklsuz · first_building Barracks |
| 11:00 | Aklsuz · wall_segment Palisade Wall x4 |
| 11:21 | Aklsuz · age_up feudal |
| 11:25 | Aklsuz · first_building Stable |
| 11:25 | Wololo · age_up feudal |
| 11:28 | 沙正街小霸王 · age_up feudal |
| 11:34 | ManCoVsky · age_up feudal |
| 11:46 | Vinago · age_up feudal |
| 11:47 | 动车的车头 · age_up feudal |
| 12:11 | Koab · age_up feudal |
| 12:26 | Vinago · first_building Archery Range |
| 12:39 | ManCoVsky · first_market_sell 100 stone |
| 12:43 | ManCoVsky · first_market_buy 100 food |
| 12:44 | 动车的车头 · first_market_sell 100 stone |
| 12:54 | 动车的车头 · wall_segment Palisade Wall x6 |
| 13:12 | Vinago · wall_segment Palisade Wall x8 |
| 13:19 | Vinago · wall_segment Palisade Wall x1 |
| 14:18 | 沙正街小霸王 · first_building Barracks |
| 15:06 | Vinago · wall_segment Palisade Wall x7 |
| 15:25 | 动车的车头 · age_up castle |
| 15:26 | 沙正街小霸王 · first_building Archery Range |
| 15:30 | 动车的车头 · first_building Castle |
| 15:39 | Vinago · wall_segment Palisade Wall x2 |
| 15:42 | Vinago · wall_segment Palisade Wall x7 |
| 16:05 | 沙正街小霸王 · first_building Stable |
| 16:29 | Aklsuz · wall_segment Palisade Wall x3 |
| 16:31 | Aklsuz · wall_segment Palisade Wall x4 |
| 16:37 | Koab · wall_segment Stone Wall x14 |
| 16:39 | Koab · age_up castle |
| 16:49 | ManCoVsky · age_up castle |
| 17:09 | 沙正街小霸王 · wall_segment Stone Wall x2 |
| 17:26 | Vinago · wall_segment Palisade Wall x1 |
| 18:08 | 沙正街小霸王 · wall_segment Stone Wall x28 |
| 18:36 | Aklsuz · wall_segment Palisade Wall x9 |
| 18:44 | Aklsuz · wall_segment Palisade Wall x1 |
| 19:04 | Harry Pioter · first_market_buy 100 food |
| 19:06 | Wololo · age_up castle |
| 19:13 | ManCoVsky · first_building Castle |
| 19:35 | 沙正街小霸王 · age_up castle |
| 19:38 | Koab · first_building Castle |
| 19:42 | Wololo · first_building Monastery |
| 20:17 | Koab · first_market_buy 100 stone |
| 20:38 | Wololo · first_market_sell 100 wood |
| 20:52 | Aklsuz · first_market_sell 100 food |
| 21:06 | 动车的车头 · first_building Dock |
| 21:12 | Aklsuz · age_up castle |
| 21:28 | Aklsuz · first_market_buy 100 stone |
| 21:32 | Aklsuz · first_building Castle |
| 21:42 | 沙正街小霸王 · wall_segment Stone Wall x6 |
| 21:48 | Harry Pioter · age_up castle |
| 21:50 | 沙正街小霸王 · wall_segment Stone Wall x12 |
| 21:55 | 沙正街小霸王 · wall_segment Stone Wall x15 |
| 22:05 | Koab · wall_segment Stone Wall x10 |
| 22:20 | 动车的车头 · first_market_buy 100 food |
| 22:26 | 沙正街小霸王 · first_building Monastery |
| 22:34 | ManCoVsky · first_building Barracks |
| 22:37 | Vinago · age_up castle |
| 23:17 | Koab · first_building Monastery |
| 23:19 | Vinago · first_building Monastery |
| 23:51 | ManCoVsky · first_building Stable |
| 24:20 | Vinago · first_building Castle |
| 26:13 | Harry Pioter · first_building Archery Range |
| 26:26 | Wololo · age_up imperial |
| 26:32 | Wololo · first_building Castle |
| 26:43 | Wololo · first_building Barracks |
| 28:37 | 沙正街小霸王 · first_building Castle |
| 30:00 | Harry Pioter · first_building Castle |
| 31:20 | Harry Pioter · first_building Monastery |
| 31:57 | 沙正街小霸王 · wall_segment Stone Wall x13 |
| 32:03 | 沙正街小霸王 · age_up imperial |
| 32:05 | 沙正街小霸王 · wall_segment Stone Wall x8 |
| 32:14 | 沙正街小霸王 · wall_segment Stone Wall x3 |
| 32:39 | Koab · first_building Barracks |
| 32:50 | 动车的车头 · age_up imperial |
| 33:00 | 沙正街小霸王 · wall_segment Stone Wall x13 |
| 33:19 | Koab · first_building Stable |
| 34:10 | Koab · first_market_sell 500 food |
| 35:19 | Aklsuz · age_up imperial |
| 35:50 | Koab · age_up imperial |
| 36:41 | Vinago · age_up imperial |
| 38:45 | Koab · wall_segment Stone Wall x25 |
| 39:59 | Vinago · first_market_sell 100 food |
| 40:56 | 动车的车头 · first_building Barracks |
| 41:28 | 沙正街小霸王 · first_market_buy 100 wood |
| 41:49 | 沙正街小霸王 · first_market_sell 100 stone |
| 43:27 | Harry Pioter · resign |
| 43:40 | Wololo · first_market_buy 100 food |
[ ANÁLISIS IA · 1 CRÉDITO ]
¿Qué pasó realmente en esta partida?
Wolo.gg analiza cada decisión: build order, eco, micro, errores típicos por bracket. Análisis personalizado por WhatsApp o Discord en 30 segundos.
Guía civ
Polacos
Guía mapa
Seasons
Perfil
Jugador #3595372